 Dungeon Crawl Stone Soup version 0.31-a0-949-g57150269e1 (webtiles) character file.

Game seed: 6565603246035296815

24244 strifetoe the Severer (level 12, -8/112 HPs)
             Began as a Minotaur Fighter on Oct 22, 2023.
             Was a High Priest of Makhleb.
             Shot with a bolt by a yaktaur (27 damage)
             ... on level 13 of the Dungeon.
             The game lasted 00:16:12 (11022 turns).

strifetoe the Severer (Minotaur Fighter)           Turns: 11022, Time: 00:16:13

Health: -8/112     AC: 30    Str: 27    XL:     12   Next: 79%
Magic:  17/17      EV: 12    Int:  5    God:    Makhleb [*****.]
Gold:   605        SH:  4    Dex:  9    Spells: 11/11 levels left

rFire   . . .        a - +1 war axe (heavy)
rCold   . . .        c - +0 buckler
rNeg    . . .        y - +1 crystal plate armour
rPois   .            (helmet restricted)
rElec   .            D - +1 cloak "Ahuzxups" {SInv}
rCorr   .            w - +0 pair of gloves
SInv    +            i - +0 pair of boots
Will    .....        r - amulet of regeneration Stlth
                     G - +4 ring of protection
HPRegen 1.18/turn    l - +5 ring of evasion
MPRegen 0.15/turn

%: no passive effects
@: marked, studying Maces & Flails
A: horns 2, retaliatory headbutt
a: Renounce Religion, Minor Destruction, Lesser Servant of Makhleb, Major
Destruction, Greater Servant of Makhleb


You were on level 13 of the Dungeon.
You worshipped Makhleb.
Makhleb was extremely pleased with you.
You visited 2 branches of the dungeon, and saw 14 of its levels.
You also visited: Bailey.

You collected 1115 gold pieces.
You spent 510 gold pieces at shops.

Inventory:

Hand Weapons
 a - a +1 heavy war axe (weapon)
 B - a +5 battleaxe
 C - a +4 flail of freezing
 E - a +2 halberd of flaming
Missiles
 H - 5 silver javelins
Armour
 c - a +0 buckler (worn)
 e - a +0 plate armour
 i - a +0 pair of boots (worn)
 w - a +0 pair of gloves (worn)
 y - a +1 crystal plate armour (worn)
 D - the +1 cloak "Ahuzxups" (worn) {SInv}
   (You found it in a bailey)

   SInv:      It lets you see invisible.
Jewellery
 l - a +5 ring of evasion (right hand)
 r - an amulet of regeneration (around neck)
 G - a +4 ring of protection (left hand)
Wands
 f - a wand of light (11)
 t - a wand of roots (2)
 u - a wand of charming (3)
 v - a wand of digging (5)
 F - a wand of flame (10)
 K - a wand of mindburst (3)
Scrolls
 b - 2 scrolls of poison
 h - a scroll of identify
 m - 4 scrolls of fog
 n - a scroll of brand weapon
 o - 3 scrolls of teleportation
 I - a scroll of vulnerability
Potions
 d - a potion of ambrosia {unknown}
 j - a potion of invisibility {unknown}
 k - a potion of haste
 p - a potion of heal wounds {unknown}
 q - 5 potions of curing
 s - 2 potions of might
 x - 3 potions of mutation
 z - 3 potions of brilliance
 A - 2 potions of lignification


   Skills:
 + Level 12.1 Fighting
 + Level 15.5(16.3) Axes
 - Level 8.4(13.0) Maces & Flails
 - Level 9.4 Armour
 - Level 7.7 Dodging
 - Level 4.5 Shields
 + Level 9.1 Invocations


You had 11 spell levels left.
You didn't know any spells.
Your spell library contained the following spells:

 Spells                   Type           Power      Damage    Failure   Level
 Kiss of Death            Conj/Necr      0%         2d5       100%        1
 Sublimation of Blood     Necr           0%         N/A       100%        2
 Wereblood                Tmut           0%         N/A       100%        2
 Confusing Touch          Hex            0%         N/A       100%        3
 Dazzling Flash           Conj/Hex       0%         N/A       100%        3
 Gell's Gravitas          Tloc           0%         N/A       100%        3
 Teleport Other           Tloc           0%         N/A       100%        3
 Animate Dead             Necr           0%         N/A       100%        4
 Dispel Undead            Necr           0%         3d6       100%        4
 Manifold Assault         Tloc           0%         N/A       100%        4
 Summon Ice Beast         Ice/Summ       0%         N/A       100%        4
 Agony                    Necr           0%         N/A       100%        5
 Alistair's Intoxication  Tmut/Pois      0%         N/A       100%        5
 Borgnjor's Vile Clutch   Necr/Erth      0%         N/A       100%        5
 Silence                  Hex/Air        0%         N/A       100%        5
 Summon Mana Viper        Hex/Summ       0%         N/A       100%        5
 Death Channel            Necr           0%         N/A       100%        6
 Dispersal                Tloc           0%         N/A       100%        6
 Eringya's Noxious Bog    Tmut/Pois      0%         4d6       100%        6
 Monstrous Menagerie      Summ           0%         N/A       100%        7
 Summon Hydra             Summ           0%         N/A       100%        7
 Disjunction              Tloc           0%         N/A       100%        8


Dungeon Overview and Level Annotations

Branches:
Dungeon (13/15)            Temple (1/1) D:5            Lair (0/5) D:11
 Bailey (visited)
    Orc: D:9-12      Vaults: D:13-14

Altars:
Ashenzari
Cheibriados
Dithmenos
Elyvilon
Fedhas
Gozag
Hepliaklqana
Kikubaaqudgha
Makhleb
Nemelex Xobeh
Okawaru
Qazlal
Ru
Sif Muna
Uskayaw
Vehumet
Wu Jian
Xom
Yredelemnul
Zin
The Shining One

Shops:
D:3 [   D:10 *   D:11 =[

Annotations:
D:12 Nessos


Innate Abilities, Weirdness & Mutations

You have a pair of horns on your head.
You reflexively headbutt those who attack you in melee.


Message History

You block the five-headed hydra's attack.
The five-headed hydra bites you but does no damage.
The five-headed hydra closely misses you.
The five-headed hydra bites you but does no damage.
Nessos casts a spell.
Nessos blinks!
The white ugly thing attacks as it pursues you!
The white ugly thing barely misses you.
The five-headed hydra attacks as it pursues you!
The five-headed hydra bites you but does no damage. x3
The five-headed hydra misses you.
You block the five-headed hydra's attack.
The white ugly thing attacks as it pursues you!
The white ugly thing bites you! The white ugly thing freezes you!!
The white ugly thing bites you but does no damage.
The white ugly thing attacks as it pursues you!
The white ugly thing bites you but does no damage.
Unknown command.
There is a stone staircase leading down here.
The white ugly thing bites you. The white ugly thing freezes you!!
* * * LOW HITPOINT WARNING * * *
The ogre mage closely misses you.
You climb downwards.
The yaktaur shouts! x2
The yaktaur wields a +0 arbalest.
The yaktaur shoots a bolt.
The bolt hits you!
* * * LOW HITPOINT WARNING * * *
A yaktaur opens the door.
Found 3 stones.
Found a stone staircase leading up.
There is a stone staircase leading up, spattered with blood here.
You feel better.
The white ugly thing bites you but does no damage.
The yaktaur shoots a bolt.
The bolt hits you!
* * * LOW HITPOINT WARNING * * *
Okay, then.
You feel better.
The yaktaur wields a +0 arbalest.
The yaktaur shoots a bolt.
The bolt misses you.
The bolt completely misses the white ugly thing.
The white ugly thing bites you but does no damage.
The yaktaur shoots a bolt.
The bolt hits you!!
You die...

...#
##+##+###...#
.........<.#
..........#
........
..... #u.#
#@c# #.....#
'c.(..#
.#..c..+
..#.....# ##
#######


You could see a white ugly thing and 3 yaktaurs.

Vanquished Creatures
  An ogre mage (D:12)
  Erolcha (D:11)
  Erica (D:9)
  A boulder beetle (D:12)
  7 two-headed ogres
  Urug (D:11)
  3 death yaks (D:11)
  Nergalle (D:11)
  An orc knight (Bailey)
  2 cyclopes (D:11)
  2 ugly things
  A gargoyle (D:12)
  2 unseen horrors (D:12)
  A meliai (D:13)
  2 trolls
  A hornet (D:8)
  2 slime creatures (D:7)
  A vampire (D:12)
  2 shadows
  A wraith (D:13)
  Eustachio (D:4)
  A wyvern (D:9)
  22 yaks
  3 acid dragons
  13 orc warriors
  An ice beast (D:5)
  A sky beast (D:6)
  2 black bears
  5 ogres
  3 centaurs
  5 kobold brigands
  4 bullfrogs
  A gnoll sergeant (D:7)
  2 scorpions
  26 wights
  25 killer bees
  3 jellies (D:7)
  7 orc priests
  A gnoll bouda (D:6)
  6 iguanas
  11 orc wizards
  Natasha (D:2)
  2 sleepcaps
  Robin (D:2)
  13 gnolls
  5 adders
  A shadow imp (D:7)
  3 worms
  3 dart slugs
  65 orcs
  11 endoplasms
  A giant cockroach (D:4)
  16 goblins
  10 hobgoblins
  8 jackals
  2 quokkas
  5 ball pythons
  8 bats
  2 frilled lizards
  18 kobolds
  5 rats
357 creatures vanquished.

Notes
Turn   | Place    | Note
-------+----------+-------------------------------------------
     0 | D:1      | strifetoe the Minotaur Fighter began the quest for the Orb.
     0 | D:1      | Reached XP level 1. HP: 19/19 MP: 0/0
   134 | D:1      | Reached skill level 3 in Axes
   134 | D:1      | Reached XP level 2. HP: 17/27 MP: 1/1
   678 | D:2      | Reached skill level 4 in Axes
   801 | D:2      | Noticed Robin
   803 | D:2      | Reached XP level 3. HP: 27/33 MP: 2/2
   811 | D:2      | Killed Robin
  1023 | D:2      | Noticed Natasha
  1029 | D:2      | Killed Natasha
  1030 | D:2      | Reached skill level 5 in Axes
  1030 | D:2      | Reached XP level 4. HP: 17/40 MP: 3/3
  1860 | D:3      | Reached skill level 6 in Axes
  1951 | D:3      | Found Mofytoq's Armour Shop.
  2087 | D:3      | Reached XP level 5. HP: 45/46 MP: 4/4
  2503 | D:4      | Reached skill level 7 in Axes
  2604 | D:4      | Noticed Eustachio
  2634 | D:4      | Killed Eustachio
  2635 | D:4      | Reached skill level 8 in Axes
  2635 | D:4      | Reached XP level 6. HP: 22/52 MP: 5/5
  3148 | D:5      | Entered Level 5 of the Dungeon
  3154 | D:5      | Reached skill level 9 in Axes
  3154 | D:5      | Reached XP level 7. HP: 45/58 MP: 6/6
  3382 | D:5      | Found a white marble altar of Elyvilon.
  3428 | D:5      | Noticed a fire elemental
  3430 | D:5      | Found a stormy altar of Qazlal.
  3432 | D:5      | Noticed a water elemental
  3432 | D:5      | Noticed an air elemental
  3536 | D:5      | Reached skill level 10 in Axes
  3770 | D:5      | Found a staircase to the Ecumenical Temple.
  3786 | Temple   | Entered the Ecumenical Temple
  3793 | Temple   | Became a worshipper of Makhleb the Destroyer
  3804 | D:5      | Identified a scroll of acquirement
  3804 | D:5      | Acquired a manual of Maces & Flails
  3963 | D:6      | Found a snail-covered altar of Cheibriados.
  4068 | D:6      | Reached skill level 11 in Axes
  4152 | D:6      | Found a blossoming altar of Fedhas.
  4185 | D:6      | Reached XP level 8. HP: 66/66 MP: 7/7
  4264 | D:6      | Reached * piety under Makhleb
  4432 | D:6      | Reached skill level 12 in Axes
  4555 | D:6      | Found a shimmering blue altar of Sif Muna.
  4555 | D:6      | Found a broken altar of Ashenzari.
  4650 | D:7      | Reached skill level 1 in Dodging
  4831 | D:7      | Reached ** piety under Makhleb
  4897 | D:7      | Found a glowing golden altar of the Shining One.
  4966 | D:7      | Reached skill level 5 in Fighting
  4973 | D:7      | Reached skill level 5 in Armour
  5046 | D:7      | Reached XP level 9. HP: 73/74 MP: 8/8
  5814 | D:8      | Reached skill level 5 in Dodging
  5831 | D:8      | Reached *** piety under Makhleb
  5969 | D:8      | Found a hide-covered altar of Uskayaw.
  6168 | D:8      | Reached XP level 10. HP: 21/88 MP: 9/9
  6845 | D:8      | Reached skill level 1 in Invocations
  6930 | D:9      | Noticed Erica
  6940 | D:9      | Killed Erica
  7159 | D:9      | Found a flagged portal.
  7172 | Bailey   | Entered a bailey
  7200 | Bailey   | Reached **** piety under Makhleb
  7354 | Bailey   | Identified the +1 cloak "Ahuzxups" {SInv}
  7388 | Bailey   | Noticed an orc knight
  7402 | Bailey   | Killed an orc knight
  8107 | D:10     | Entered Level 10 of the Dungeon
  8140 | D:10     | Reached skill level 1 in Maces & Flails
  8213 | D:10     | Reached XP level 11. HP: 64/97 MP: 13/13
  8399 | D:10     | Found a sparkling altar of Nemelex Xobeh.
  8400 | D:10     | Noticed a two-headed ogre
  8406 | D:10     | Killed a two-headed ogre
  8539 | D:10     | Noticed a two-headed ogre
  8548 | D:10     | Killed a two-headed ogre
  8623 | D:10     | You fall into a shaft and drop 3 floors!
  8802 | D:13     | Noticed a red ugly thing
  8812 | D:13     | Killed a red ugly thing
  8813 | D:13     | Reached skill level 5 in Invocations
  8818 | D:13     | Reached skill level 13 in Axes
  8818 | D:13     | Reached skill level 5 in Maces & Flails
  8939 | D:12     | Noticed a boulder beetle
  8939 | D:12     | Noticed a two-headed ogre
  8946 | D:12     | Killed a two-headed ogre
  9132 | D:12     | Killed a boulder beetle
  9183 | D:11     | Found Ykeng's Jewellery Emporium.
  9187 | D:11     | Bought an amulet of regeneration for 510 gold pieces
  9293 | D:11     | Noticed Urug
  9310 | D:11     | Killed Urug
  9648 | D:11     | Noticed a two-headed ogre
  9658 | D:11     | Killed a two-headed ogre
  9733 | D:11     | Reached ***** piety under Makhleb
  9741 | D:11     | Noticed a death yak
  9741 | D:11     | Noticed Erolcha
  9741 | D:11     | Noticed a death yak
  9757 | D:11     | Noticed a death yak
  9894 | D:10     | Reached skill level 14 in Axes
  9898 | D:10     | Reached skill level 10 in Fighting
 10082 | D:10     | Found Zyigal's General Store.
 10435 | D:11     | Found Hyixuocecy's Armour Emporium.
 10439 | D:11     | Noticed Nergalle
 10450 | D:11     | Killed Nergalle
 10451 | D:11     | Reached XP level 12. HP: 106/106 MP: 16/16
 10523 | D:11     | Found a staircase to the Lair.
 10559 | D:11     | Killed a death yak
 10565 | D:11     | Killed a death yak
 10566 | D:11     | Killed a death yak
 10612 | D:11     | Killed Erolcha
 10823 | D:12     | Noticed a two-headed ogre
 10823 | D:12     | Noticed a two-headed ogre
 10824 | D:12     | Noticed a two-headed ogre
 10824 | D:12     | Noticed an ogre mage
 10829 | D:12     | Killed a two-headed ogre
 10830 | D:12     | Reached skill level 15 in Axes
 10833 | D:12     | Killed a two-headed ogre
 10835 | D:12     | Killed a two-headed ogre
 10839 | D:12     | Killed an ogre mage
 11002 | D:12     | Noticed an ogre mage
 11003 | D:12     | Noticed a six-headed hydra
 11005 | D:12     | Noticed Nessos
 11005 | D:12     | Noticed a boulder beetle
 11005 | D:12     | Noticed a five-headed hydra
 11006 | D:12     | Noticed a red very ugly thing
 11007 | D:12     | Noticed a centaur warrior
 11011 | D:12     | Noticed a four-headed hydra
 11022 | D:13     | Shot with a bolt by a yaktaur

Illustrated notes

Levels and vault maps discovered:
D:1:      heliophobic_arrival_battle_scene, layout_basic,
          amcnicky_mini_pool_small, minmay_split_cup_small
D:2:      layout_basic, uniq_robin, uniq_natasha
D:3:      minmay_skewed_foursquare, layout_basic, serial_shops,
          nicolae_shop_behind_doors, patterned_corridor
D:4:      layout_loops_ring, nicolae_overflow_hidden_temple, uniq_eustachio
D:5:      layout_gridville, mainiacjoe_overflow_small_starburst,
          nicolae_qazlal_style_of_elements, minmay_temple_entry_drinking_statues
D:6:      layout_rooms, mainiacjoe_overflow_alcove_4,
          gammafunk_temple_overflow_elements, fedhas_altar_4,
          serial_park_tiny_2, chequers_serial_rivers_micro_e,
          chequers_hall_statues_wall_a, minmay_misc_feat_plants,
          minmay_stone_trees_small, kennysheep_potato
D:7:      cheibrodos_fertilizer, layout_basic, tso_metal_star
D:8:      layout_loops_cross, lemuel_tele_altar
D:9:      layout_rooms, enter_bailey_1, uniq_erica
D:10:     minmay_goldmine, layout_basic, old_standard_altar, serial_shops,
          nicolae_square_shop
D:11:     layout_loops_ring, dpeg_lair_monsters, serial_shops,
          nicolae_shop_gaudy_bauble, nicolae_shop_rolling_square, special_room
          [special_room_orc], uniq_urug, uniq_nergalle, uniq_erolcha
D:12:     minmay_crescents, layout_rooms, orc_0_dummy, uniq_nessos
D:13:     layout_gridville
Temple:   nicolae_temple_x_marks_the_god

Skill      XL: |  1  2  3  4  5  6  7  8  9 10 11 12 |
---------------+-------------------------------------+-----
Axes           | 3 4 5 6 8 9 11 12 14 15 | 15.5
Fighting       | 5 8 9 10 12 | 12.1
Armour         | 5 7 9 |  9.4
Dodging        | 3 6 7 |  7.7
Invocations    | 4 7 9 |  9.1
Maces & Flails | 2 8 |  8.4
Shields        | 4 |  4.5

Action                     |  1- 3 |  4- 6 |  7- 9 | 10-12 || total
---------------------------+-------+-------+-------+-------++-------
  Melee: War axe           |    73 |   120 |   256 |   392 ||   841
         Headbutt          |     8 |    14 |    35 |    85 ||   142
 Invoke: Lesser Servant of |       |       |       |     4 ||     4
  Evoke: Wand              |       |       |       |     8 ||     8
    Use: Potion            |     1 |       |       |     5 ||     6
         Scroll            |       |     6 |     2 |    11 ||    19
 Armour: Scale mail        |    67 |    46 |       |       ||   113
         Chain mail        |       |    38 |     7 |       ||    45
         Plate armour      |       |       |   192 |    57 ||   249
         Crystal plate arm |       |       |       |   276 ||   276
  Dodge: Dodged            |    47 |    85 |   153 |   255 ||   540
  Block: Buckler           |    16 |    31 |    64 |    82 ||   193

Table legend: (Time is in decaauts)
 A = Elapsed time spent in this place.
 B = Non-inter-level travel time spent in this place.
 C = Inter-level travel time spent in this place.
 D = Time resting spent in this place.
 E = Time spent auto-exploring this place.
 F = Levels seen in this place.
 G = Mean time per level.
                   A        B        C        D        E       F      G
               +--------+--------+--------+--------+--------+-----+--------+
         Total |  11085 |  10737 |    348 |   1797 |   6740 |  15 |  739.0 |
       Dungeon |  10645 |  10297 |    348 |   1758 |   6578 |  13 |  818.8 |
        Temple |     16 |     16 |      0 |      0 |      0 |   1 |   16.0 |
        Bailey |    422 |    422 |      0 |     39 |    162 |   1 |  422.0 |
               +--------+--------+--------+--------+--------+-----+--------+

Top non-repeatable levels by time:
     D:8: 1247 daAuts
     D:7: 1219 daAuts
    D:10: 1136 daAuts
     D:2: 1067 daAuts
    D:11: 933 daAuts
     D:3: 775 daAuts
     D:4: 722 daAuts
     D:5: 701 daAuts
     D:6: 701 daAuts
     D:9: 633 daAuts
     D:1: 630 daAuts
    D:13: 476 daAuts
  Bailey: 422 daAuts
    D:12: 399 daAuts
  Temple: 16 daAuts
